 Dungeon Crawl Stone Soup version 0.27-a0-1202-ge72e49191c (webtiles) character file.

Game seed: 4933272780928993654

601 robertstho the Covered (level 7, 0/94 HPs)
             Began as a Minotaur Berserker on June 3, 2021.
             Was a Priest of Trog.
             Slain by an acid dragon (2 damage)
             ... on level 5 of the Dungeon.
             The game lasted 00:05:18 (4611 turns).

robertstho the Covered (Minotaur Berserker)         Turns: 4611, Time: 00:05:18

Health: 0/94       AC:  6    Str: 23    XL:     7   Next: 18%
Magic:  6/6        EV:  9    Int:  5    God:    Trog [***...]
Gold:   220        SH:  0    Dex:  9    Spells: 6/6 levels left

rFire    . . .     SeeInvis .   r - +0 war axe
rCold    . . .     Faith    .   (no shield)
rNeg     . . .     Spirit   .   o - +0 chain mail
rPois    .         Reflect  .   (helmet restricted)
rElec    .         Harm     .   (no cloak)
rCorr    .         Rampage  .   (no gloves)
Will     .....                  (no boots)
Stlth    ..........             a - amulet of the acrobat
HPRegen  0.25/turn              l - ring of flight
MPRegen  0.10/turn              (no ring)

@: berserking, corroded, flying, very quick
A: horns 2, retaliatory headbutt
a: Renounce Religion, Berserk, Trog's Hand


You were on level 5 of the Dungeon.
You worshipped Trog.
Trog was most pleased with you.
You visited 1 branch of the dungeon, and saw 5 of its levels.

You collected 220 gold pieces.

Inventory:

Hand Weapons
 r - a +0 war axe (weapon)
Armour
 m - a +0 scale mail
 o - a +0 chain mail (worn)
Jewellery
 a - an amulet of the acrobat (around neck)
 e - an amulet of reflection
 l - a ring of flight (left hand)
Wands
 h - a wand of iceblast (13)
Scrolls
 c - a scroll of identify
 d - 2 scrolls of fog
Potions
 b - a potion of brilliance {unknown}
 f - a potion of attraction
 g - a potion of cancellation
 i - 2 potions of lignification
 j - a potion of heal wounds {unknown}
 k - 2 potions of degeneration {unknown}
 n - a potion of curing {unknown}
 p - a potion of ambrosia
 q - 2 potions of flight {unknown}


   Skills:
 * Level 6.2 Fighting
 + Level 5.6 Axes
 * Level 6.5 Armour
 + Level 2.9 Dodging


You had 6 spell levels left.
You didn't know any spells.
Your spell library was empty.

Dungeon Overview and Level Annotations

Branches:
Dungeon (5/15)             Temple (0/1) D:4

Altars:
Ashenzari
Elyvilon
Gozag
The Shining One

Shops:
D:2 [   D:4 =


Innate Abilities, Weirdness & Mutations

You have a pair of horns on your head.
You reflexively headbutt those who attack you in melee.


Message History

An acid dragon is nearby!
You see here 18 stones.
You barely miss the acid dragon.
The acid dragon bites you but does no damage.
The acid dragon claws you but does no damage.
You closely miss the acid dragon. The acid dragon barely misses you.
The acid dragon claws you but does no damage.
The acid dragon bites you. The acid dragon barely misses you.
You barely miss the acid dragon. The acid dragon spits acid at you.
The splash of acid hits you!
You are splashed with acid!
You hit the acid dragon but do no damage.
The acid dragon bites you.
* * * LOW HITPOINT WARNING * * *
The acid dragon claws you but does no damage.
A red film seems to cover your vision as you go berserk!
You feel yourself moving faster!
You feel mighty!
The acid dragon bites you but does no damage.
The acid dragon claws you.
* * * LOW HITPOINT WARNING * * *
You closely miss the acid dragon. You headbutt the acid dragon!
The acid dragon is moderately wounded.
The acid dragon bites you but does no damage.
The acid dragon claws you but does no damage.
You closely miss the acid dragon.
The acid dragon is moderately wounded.
The acid dragon bites you.
* * * LOW HITPOINT WARNING * * *
The acid dragon claws you but does no damage.
You slash the acid dragon!
The acid dragon is severely wounded.
The acid dragon spits acid at you. The splash of acid hits you!
* * * LOW HITPOINT WARNING * * *
The acid corrodes you!
You are splashed with acid!
* * * LOW HITPOINT WARNING * * *
You hit the acid dragon. Your headbutt misses the acid dragon.
The acid dragon is almost dead.
The acid dragon bites you.
You die...

##[.######....
#....†...#.......+
#........#.......#
#........+.......#
##..###'##.......###
###+##..###..##.........
#.............#.........
#.............#.D.......
#...##...######.@.......
#...######...........###
#........#...........#
#........#...........#
#..###'###...........#
##'#......####......##
#..#......# #......#
#..#......# #......#
#..#......# #......+


You could see an acid dragon (catching breath).

Vanquished Creatures
  Grinder (D:4)
  5 wights (D:4)
  An iguana (D:4)
  A hound skeleton (D:4)
  5 gnolls
  2 adders
  An ufetubus (D:5)
  2 dart slugs
  5 orcs (D:4)
  5 bats
  6 endoplasms
  2 giant cockroaches
  9 goblins
  7 hobgoblins
  4 jackals (D:2)
  5 quokkas
  7 ball pythons
  2 frilled lizards
  6 kobolds
  5 rats
81 creatures vanquished.

Notes
Turn   | Place    | Note
-------+----------+-------------------------------------------
     0 | D:1      | robertstho the Minotaur Berserker began the quest for the
                  | Orb.
     0 | D:1      | Reached XP level 1. HP: 19/19 MP: 0/0
   351 | D:1      | Reached XP level 2. HP: 27/27 MP: 1/1
   865 | D:1      | Reached XP level 3. HP: 34/34 MP: 2/2
   891 | D:1      | Reached ** piety under Trog
  1727 | D:2      | Found a faded altar of an unknown god.
  1747 | D:2      | Found Nana's Armour Shop.
  2031 | D:2      | Reached XP level 4. HP: 41/41 MP: 3/3
  2162 | D:2      | Found an opulent altar of Gozag.
  2428 | D:3      | Reached skill level 5 in Fighting
  2528 | D:3      | Found a glowing golden altar of the Shining One.
  2701 | D:3      | Found a broken altar of Ashenzari.
  2996 | D:3      | Found a white marble altar of Elyvilon.
  3506 | D:4      | Reached XP level 5. HP: 46/48 MP: 4/4
  3611 | D:4      | Found a staircase to the Ecumenical Temple.
  3635 | D:4      | Reached skill level 5 in Armour
  3638 | D:4      | Reached skill level 5 in Axes
  3638 | D:4      | Reached XP level 6. HP: 41/56 MP: 5/5
  3659 | D:4      | Identified a scroll of acquirement
  3669 | D:4      | Acquired an amulet of the acrobat
  3907 | D:4      | Reached *** piety under Trog
  3988 | D:4      | Noticed Grinder
  3996 | D:4      | Killed Grinder
  3997 | D:4      | Reached XP level 7. HP: 50/63 MP: 6/6
  4498 | D:4      | Found Hiet Iwn's Jewellery Shop.
  4522 | D:5      | Entered Level 5 of the Dungeon
  4610 | D:5      | HP: 1/94 [acid (15)]
  4611 | D:5      | Slain by an acid dragon

Illustrated notes

Levels and vault maps discovered:
D:1:      ncdulo_wetmaze, layout_basic, st_stairs_9, minmay_tromino_i2
D:2:      layout_loops_ring, basic_altar, serial_shops, nicolae_shop_trees,
          basic_ecumenical_altar
D:3:      layout_basic, nicolae_tso_carved_into_rock, lemuel_crystal_altar,
          elyvilon_altar_4
D:4:      layout_basic, minmay_temple_entry_glassed_door, serial_shops, shop,
          uniq_grinder
D:5:      layout_gridville

Skill      XL: |  1  2  3  4  5  6 |
---------------+-------------------+-----
Fighting       | 4 5 6 |  6.2
Axes           | 4 5 |  5.6
Armour         | 3 5 6 |  6.5
Dodging        | |  2.9

Action                   |  1- 3 |  4- 6 |  7- 9 || total
-------------------------+-------+-------+-------++-------
Melee: Hand axe          |    92 |    62 |       ||   154
       Headbutt          |    12 |    18 |     2 ||    32
       War axe           |       |    17 |    20 ||    37
Invok: Berserk           |       |     3 |     1 ||     4
  Use: Scroll            |     3 |     7 |       ||    10
Armor: Animal skin       |     6 |       |       ||     6
       Ring mail         |    22 |     6 |       ||    28
       Scale mail        |       |     4 |     4 ||     8
       Chain mail        |       |       |     9 ||     9
Dodge: Dodged            |    50 |    41 |    11 ||   102

Table legend: (Time is in decaauts)
 A = Elapsed time spent in this place.
 B = Non-inter-level travel time spent in this place.
 C = Inter-level travel time spent in this place.
 D = Time resting spent in this place.
 E = Time spent auto-exploring this place.
 F = Levels seen in this place.
 G = Mean time per level.
                   A        B        C        D        E       F      G
               +--------+--------+--------+--------+--------+-----+--------+
         Total |   4661 |   4537 |    124 |      0 |   4011 |   5 |  932.2 |
       Dungeon |   4661 |   4537 |    124 |      0 |   4011 |   5 |  932.2 |
               +--------+--------+--------+--------+--------+-----+--------+

Top non-repeatable levels by time:
     D:1: 1534 daAuts
     D:4: 1241 daAuts
     D:3: 988 daAuts
     D:2: 808 daAuts
     D:5: 89 daAuts
